 Dungeon Crawl Stone Soup version 0.17-a0-1920-gafa4d75 (webtiles) character file.

90 derrpe the Shield-Bearer (level 4, -12/37 HPs)
             Began as a Formicid Fighter on Sept 27, 2015.
             Was an Initiate of Ru.
             Killed by divine providence
             ... invoked by an orc priest
              (16 damage)
             ... on level 3 of the Dungeon.
             The game lasted 00:02:52 (1966 turns).

derrpe the Shield-Bearer (Formicid Fighter)         Turns: 1966, Time: 00:02:53

Health: -12/37     AC:  5    Str: 21    XL:     4   Next: 85%
Magic:  4/4        EV:  9    Int:  8    God:    Ru [......]
Gold:   152        SH:  9    Dex: 10    Spells: 0 memorised, 3 levels left

rFire  . . .     SeeInvis +     a - +0 long sword
rCold  . . .     Clarity  .     t - +0 ring mail (curse)
rNeg   . . .     SustAt   .     c - +0 shield
rPois  +         Gourm    .     (helmet unavailable)
rElec  .         Spirit   .     (no cloak)
rCorr  .         Warding  .     (no gloves)
rMut   .         Stasis   +     (no boots)
MR     .....                    (no amulet)
Stlth  ..........               (no ring)
                                n - ring of poison resistance

@: not resistant to hostile enchantments, extremely unstealthy
A: permanent stasis, dig shafts and tunnels, four strong arms, antennae 3
a: Dig, Shaft Self, Renounce Religion


You were on level 3 of the Dungeon.
You worshipped Ru.
Ru was noncommittal.
You were not hungry.

You visited 1 branch of the dungeon, and saw 3 of its levels.

You collected 152 gold pieces.

Inventory:

Hand weapons
 a - a +0 long sword (weapon)
Armour
 c - a +0 shield (worn)
 t - a cursed +0 ring mail (worn)
Jewellery
 n - a ring of poison resistance (left hand)
Scrolls
 b - 2 scrolls of teleportation {unknown}
 f - a scroll of random uselessness {unknown}
 i - a scroll of identify {unknown}
 l - 2 scrolls of fog {unknown}
 m - a scroll of magic mapping {unknown}
 r - a scroll of immolation {unknown}
 s - a scroll of enchant armour {unknown}
 u - a scroll of fear {unknown}
Potions
 d - a potion of might
 h - 2 potions of degeneration {unknown}
 j - a potion of ambrosia {unknown}
 k - a potion of flight {unknown}
 o - a potion of curing {unknown}
 q - a potion of invisibility {unknown}
Comestibles
 e - 2 bread rations {@e1}
 g - 2 meat rations {@e2}
 p - a royal jelly
 v - 3 chunks of flesh {@w0}


   Skills:
 + Level 4.2 Fighting
 * Level 3.2 Long Blades
 - Level 3.2 Armour
 + Level 4.4 Shields


You had 3 spell levels left.
You didn't know any spells.

Dungeon Overview and Level Annotations

Branches:
Dungeon (3/15)

Altars:
Ru
Xom


Innate Abilities, Weirdness & Mutations

You are under a permanent stasis effect.
You can dig through walls and to a lower floor.
Your four strong arms can wield two-handed weapons with a shield.
You have a pair of large antennae on your head (SInv).


Message History

An orc priest comes into view. It is wielding a club.
An orc priest is nearby!
An orc priest is nearby!
An orc priest is nearby!
The orc priest shouts!
The orc priest hits you with a club.
You hit the orc priest but do no damage.
The orc priest calls down the wrath of Beogh upon you.
Something smites you!
You slash the orc priest!
The orc priest is almost dead.
The orc priest hits you but does no damage.
You hit the orc priest.
The orc priest is almost dead.
The orc priest mumbles some strange prayers to Beogh against you.
Something smites you!
* * * LOW HITPOINT WARNING * * *
The orc priest calls down the wrath of Beogh upon you.
Something smites you!
You die...

....# # ....# .. ....
.. $.. #. .. #..###.
#...o.# #@# ###)####
#. # #......## #. .#
#.......# #.###.#
#.......# #.....
#.......# #..#
#.......#####..#####
##...................
$.?...................


You could see an orc priest.

Vanquished Creatures
  An orc wizard (D:3)
  3 adders (D:2)
  An ooze (D:2)
  An orc (D:3)
  A giant cockroach (D:2)
  3 hobgoblins
  3 jackals (D:1)
  A quokka (D:2)
  6 bats
  2 giant newts
  3 goblins
  8 kobolds
  3 rats
36 creatures vanquished.

Notes
Turn   | Place    | Note
--------------------------------------------------------------
     0 | D:1      | derrpe the Formicid Fighter began the quest for the Orb.
     0 | D:1      | Reached XP level 1. HP: 18/18 MP: 1/1
   382 | D:1      | Reached XP level 2. HP: 22/24 MP: 2/2
   414 | D:1      | Reached skill level 4 in Shields
  1033 | D:2      | Found a shimmering altar of Xom.
  1062 | D:2      | Reached XP level 3. HP: 18/30 MP: 3/3
  1330 | D:2      | Found a sacrificial altar of Ru.
  1383 | D:2      | Became a worshipper of Ru the Awakened
  1500 | D:2      | Reached XP level 4. HP: 37/37 MP: 4/4
  1966 | D:3      | Killed from afar by an orc priest

Vault maps used:
D:1:      matt_arrival_grand_opening, hangedman_glass_garden
D:2:      hangedman_ru_absence, first_bread, xom_teletrap_fun

Action                   |  1- 3 |  4- 6 || total
-------------------------+-------+-------++-------
Melee: Long sword        |   115 |    26 ||   141
 Stab: Distracted        |       |     1 ||     1
  Eat: Chunk             |     1 |     1 ||     2
       Pizza             |     1 |       ||     1
